[Event "2nd FIDE WCC Rapid G10"]
[Site "Minsk"]
[Date "2018.06.22"]
[Round "2"]
[White "Melnyk, Olena"]
[Black "Zhapova, Yana"]
[Result "0-1"]
[ECO "D02"]
[WhiteElo "1224"]
[BlackElo "1597"]
[Annotator "NA RC"]
[PlyCount "26"]
[EventDate "2018.06.22"]
[EventType "rapid"]
[EventCountry "BLR"]
[SourceTitle "playchess.com"]
[Source "ChessBase"]
[SourceQuality "1"]
[TimeControl "600+5"]

1. d4 d5 2. Bf4 Nf6 3. Nf3 Bg4 4. e3 e6 5. Be2 c5 6. c3 Nc6 7. O-O Bd6 8. Bg3 O-O 9. Ne5 Bxe2 10. Qxe2 Bxe5 11. dxe5 Ne4 12. Nd2 Nxg3 13. fxg3 Nxe5 {[%emt 0:00:05] end online} 0-1

[Event "2nd FIDE WCC Rapid G10"]
[Site "Minsk"]
[Date "2018.06.22"]
[Round "2"]
[White "Paknyte, Beatrice"]
[Black "Edithso, Samantha"]
[Result "0-1"]
[ECO "B22"]
[WhiteElo "1100"]
[BlackElo "1714"]
[Annotator "NA RC"]
[PlyCount "88"]
[EventDate "2018.06.22"]
[EventType "rapid"]
[EventCountry "BLR"]
[SourceTitle "playchess.com"]
[Source "ChessBase"]
[SourceQuality "1"]
[TimeControl "600+5"]

1. e4 c5 2. c3 d5 3. exd5 Qxd5 4. d4 cxd4 5. cxd4 Nc6 6. Nf3 e6 7. a3 Nf6 8. Nc3 Qd8 9. Bg5 Be7 10. Bb5 Bd7 11. O-O O-O 12. Bd3 h6 13. Bh4 Qb6 14. Ne4 Nd5 15. Bxe7 Ncxe7 16. Nc5 Bc6 17. b4 Nf4 18. Rb1 Nxd3 19. Qxd3 Bb5 20. Qd2 Bxf1 21. Nd7 Qd6 22. Nxf8 Bb5 23. Nxe6 Qxe6 24. Re1 Qf6 25. d5 Rd8 26. d6 Rxd6 27. Qc2 Bc6 28. a4 Bxf3 29. gxf3 Qg6+ 30. Qxg6 Rxg6+ 31. Kf1 Nd5 32. Re8+ Kh7 33. b5 Re6 34. Rb8 Re7 35. a5 Nc3 36. b6 axb6 37. axb6 Nd5 38. Rd8 Nxb6 39. Rb8 Nd5 40. Kg2 b6 41. Kg3 Rc7 42. f4 Rc3+ 43. Kg2 Nxf4+ 44. Kf1 Rc1# 0-1

[Event "2nd FIDE WCC Rapid G10"]
[Site "Minsk"]
[Date "2018.06.22"]
[Round "3"]
[White "Edithso, Samantha"]
[Black "Khamdamova, Afruza"]
[Result "1/2-1/2"]
[ECO "C47"]
[WhiteElo "1714"]
[BlackElo "1383"]
[Annotator "NA RC"]
[PlyCount "153"]
[EventDate "2018.06.22"]
[EventType "rapid"]
[EventCountry "BLR"]
[SourceTitle "playchess.com"]
[Source "ChessBase"]
[SourceQuality "1"]
[TimeControl "600+5"]

1. e4 e5 2. Nf3 Nf6 3. Nc3 Nc6 4. Bc4 Nxe4 5. Bxf7+ Kxf7 6. Nxe4 d5 7. Neg5+ Kg8 8. d3 h6 9. Nh3 Bg4 10. Nhg1 e4 11. dxe4 dxe4 12. Qxd8 Rxd8 13. Nd2 Nd4 14. Rb1 Nxc2+ 15. Kf1 Bb4 16. f3 e3 17. Ne4 Be6 18. b3 c5 19. Ke2 Bd7 20. Bxe3 Bb5+ 21. Kf2 Nxe3 22. Kxe3 Rd3+ 23. Kf2 Kh7 24. Ne2 Rhd8 25. Rbc1 b6 26. Nf4 R3d7 27. Ra1 c4 28. a3 Bd2 29. bxc4 Bxc4 30. Ne2 b5 31. g4 a5 32. h4 b4 33. axb4 axb4 34. g5 b3 35. gxh6 Bxh6 36. Rab1 Rb8 37. Rb2 Ra7 38. Rhb1 Rba8 39. Nc5 Ra2 40. Nxb3 Rxb2 41. Rxb2 Rb8 42. Ned4 Bf4 43. Rb1 Be5 44. Ke3 Bxd4+ 45. Kxd4 Rxb3 46. Rg1 Bf7 47. Ke4 Rb4+ 48. Kf5 Rxh4 49. f4 Bg6+ 50. Rxg6 Rxf4+ 51. Kxf4 Kxg6 52. Kg4 Kf6 53. Kf4 Ke6 54. Kg4 Kf6 55. Kf4 Kg6 56. Kg4 Kf7 57. Kf5 Kg8 58. Kg6 Kh8 59. Kg5 Kh7 60. Kh5 g6+ 61. Kg5 Kg7 62. Kg4 Kf6 63. Kf4 g5+ 64. Kg4 Kg6 65. Kg3 Kf5 66. Kf3 Ke5 67. Kg3 Kf5 68. Kf3 Kf6 69. Kg4 Kg6 70. Kg3 Kf5 71. Kf3 g4+ 72. Kg3 Kg5 73. Kg2 Kf4 74. Kf2 g3+ 75. Kg2 Kg4 76. Kg1 Kf3 77. Kf1 1/2-1/2

[Event "2nd FIDE WCC Rapid G10"]
[Site "Minsk"]
[Date "2018.06.22"]
[Round "3"]
[White "Kleymenova, Valeria"]
[Black "Novikova, Daria"]
[Result "1-0"]
[ECO "D05"]
[WhiteElo "1669"]
[BlackElo "1341"]
[Annotator "NA RC"]
[PlyCount "111"]
[EventDate "2018.06.22"]
[EventType "rapid"]
[EventCountry "BLR"]
[SourceTitle "playchess.com"]
[Source "ChessBase"]
[SourceQuality "1"]
[TimeControl "600+5"]

1. d4 d5 2. e3 Nf6 3. Bd3 e6 4. f4 Bd6 5. Nf3 Nbd7 6. O-O b6 7. Ne5 Bb7 8. Nd2 O-O 9. Qe2 Ne4 10. c3 f6 11. Nxd7 Qxd7 12. Nf3 Qf7 13. Bd2 Rac8 14. Be1 c5 15. Bh4 Qg6 16. Bb5 Rc7 17. Nd2 cxd4 18. exd4 Qh6 19. Nxe4 dxe4 20. Bg3 f5 21. Rad1 Rfc8 22. Qe3 Bd5 23. a3 Bb3 24. Rc1 Bd5 25. Qe2 Qf6 26. Rfd1 Bc4 27. Bxc4 Rxc4 28. Qe3 b5 29. Rd2 a5 30. b3 R4c7 31. Rdc2 Bxa3 32. Ra1 Bd6 33. Rxa5 b4 34. c4 Rc6 35. Rca2 Bc7 36. R5a4 Bb6 37. Bf2 Rd8 38. c5 Bc7 39. Ra7 Qh6 40. g3 Qf6 41. R7a4 Qf8 42. Rxb4 Qe7 43. Rba4 Qd7 44. b4 Qc8 45. b5 Rxc5 46. dxc5 Rd1+ 47. Kg2 Bb8 48. c6 Rb1 49. Ra5 h6 50. Qc5 Kh7 51. b6 e3 52. Bxe3 Re1 53. Bf2 Rd1 54. Qb5 Rd5 55. Qc4 Rd6 56. Rc5 1-0

[Event "2nd FIDE WCC Rapid G10"]
[Site "Minsk"]
[Date "2018.06.22"]
[Round "3"]
[White "Zhapova, Yana"]
[Black "Gupta, Sara"]
[Result "1-0"]
[ECO "B70"]
[WhiteElo "1597"]
[BlackElo "1525"]
[Annotator "NA RC"]
[PlyCount "87"]
[EventDate "2018.06.22"]
[EventType "rapid"]
[EventCountry "BLR"]
[SourceTitle "playchess.com"]
[Source "ChessBase"]
[SourceQuality "1"]
[TimeControl "600+5"]

1. e4 c5 2. Nf3 d6 3. d4 cxd4 4. Nxd4 Nf6 5. Nc3 g6 6. Be2 Bg7 7. O-O O-O 8. Re1 Nc6 9. Nb3 Be6 10. Bg5 a6 11. Bf1 Nd7 12. Rb1 Nde5 13. Nd5 Re8 14. f4 Nd7 15. Kh1 Rc8 16. c3 Nb6 17. Qf3 Bxd5 18. exd5 Nb8 19. Re3 N8d7 20. Rbe1 Nf6 21. Bxf6 Bxf6 22. Bd3 Nc4 23. Bxc4 Rxc4 24. Nd2 Rc5 25. Ne4 Rc8 26. Nxf6+ exf6 27. Rxe8+ Qxe8 28. Rxe8+ Rxe8 29. h3 Re1+ 30. Kh2 Rb1 31. b4 Rb2 32. a4 Ra2 33. a5 Ra3 34. Qe3 Kf8 35. Qb6 Rxc3 36. Qxd6+ Kg7 37. Qb6 Rc4 38. d6 Rxf4 39. d7 Rd4 40. Qxd4 Kf8 41. d8=Q+ Kg7 42. Q4xf6+ Kh6 43. Qf8+ Kh5 44. g4# 1-0

[Event "2nd FIDE WCC Rapid G10"]
[Site "Minsk"]
[Date "2018.06.22"]
[Round "3"]
[White "Szczotka, Klara"]
[Black "Svergina, Sofya"]
[Result "1-0"]
[ECO "C03"]
[WhiteElo "1465"]
[BlackElo "1316"]
[Annotator "NA RC"]
[PlyCount "115"]
[EventDate "2018.06.22"]
[EventType "rapid"]
[EventCountry "BLR"]
[SourceTitle "playchess.com"]
[Source "ChessBase"]
[SourceQuality "1"]
[TimeControl "600+5"]

1. e4 e6 2. d4 d5 3. Nd2 dxe4 4. Nxe4 Nf6 5. Nc3 Nc6 6. Nf3 Be7 7. Be3 O-O 8. Qd2 b6 9. h3 Bb7 10. Be2 Re8 11. O-O h6 12. Rad1 a6 13. a3 Bd6 14. Rfe1 Ne7 15. Ne5 Bxe5 16. dxe5 Qxd2 17. Rxd2 Nfd5 18. Bf3 Red8 19. Red1 Rab8 20. Nxd5 exd5 21. c4 Nc6 22. Bxd5 Kf8 23. Bxc6 Bxc6 24. Rxd8+ Rxd8 25. Rxd8+ Ke7 26. Rd2 Bd7 27. Rxd7+ Kxd7 28. Kf1 Ke6 29. f4 Kf5 30. Ke2 Ke4 31. b4 c5 32. bxc5 bxc5 33. Bxc5 Kxf4 34. Bd6 Ke4 35. c5 Kd5 36. Kd3 f6 37. exf6 gxf6 38. Kc3 a5 39. Kb3 f5 40. Ka4 h5 41. Kxa5 Kc6 42. Kb4 Kb7 43. a4 Kc6 44. a5 Kb7 45. Kc4 Kc6 46. a6 Kd7 47. a7 Ke6 48. a8=Q f4 49. Qe4+ Kf6 50. Qxf4+ Ke6 51. Qe5+ Kf7 52. Qxh5+ Kf6 53. Qe5+ Kg6 54. Bb8 Kf7 55. Kd5 Kg6 56. Ke6 Kh7 57. Qg5 Kh8 58. Be5+ 1-0

[Event "2nd FIDE WCC Rapid G10"]
[Site "Minsk"]
[Date "2018.06.22"]
[Round "3"]
[White "Bykovskikh, Ekaterina"]
[Black "Marchenko, Yelyzaveta"]
[Result "0-1"]
[ECO "C00"]
[WhiteElo "1360"]
[BlackElo "1510"]
[Annotator "NA RC"]
[PlyCount "97"]
[EventDate "2018.06.22"]
[EventType "rapid"]
[EventCountry "BLR"]
[SourceTitle "playchess.com"]
[Source "ChessBase"]
[SourceQuality "1"]
[TimeControl "600+5"]

1. e4 e6 2. d4 b6 3. Nd2 Bb7 4. Ngf3 Nf6 5. e5 Ne4 6. Nxe4 Bxe4 7. Bd3 Bb7 8. O-O Be7 9. Be3 O-O 10. c4 d6 11. Bf4 Nd7 12. exd6 cxd6 13. Qc2 Nf6 14. Kh1 d5 15. cxd5 Qxd5 16. Be5 Rac8 17. Qe2 Rfd8 18. a3 Nd7 19. Bg3 Bf6 20. Rfe1 Bxd4 21. Be4 Qxe4 22. Qxe4 Bxe4 23. Rxe4 Bxb2 24. Rd1 Bf6 25. Re3 Nc5 26. Ree1 Kf8 27. h3 Nd3 28. Rf1 Nc5 29. Kg1 Ke7 30. Rfe1 Rd7 31. Rxd7+ Nxd7 32. Rd1 Rc3 33. a4 Rc4 34. a5 bxa5 35. Kf1 a4 36. Ke2 Bb2 37. Rd2 a3 38. Bd6+ Ke8 39. Bxa3 Bxa3 40. Rxd7 Kxd7 41. Ne5+ Ke7 42. Nxc4 Bc5 43. f3 Bb4 44. Kd3 a5 45. Kc2 Kf6 46. Kb3 Kf5 47. g3 e5 48. Ne3+ Ke6 49. Nc2 0-1

[Event "2nd FIDE WCC Rapid G10"]
[Site "Minsk"]
[Date "2018.06.22"]
[Round "3"]
[White "Matveeva, Kseniia"]
[Black "Shukhman, Anna"]
[Result "0-1"]
[ECO "E77"]
[WhiteElo "1359"]
[BlackElo "1577"]
[Annotator "NA RC"]
[PlyCount "82"]
[EventDate "2018.06.22"]
[EventType "rapid"]
[EventCountry "BLR"]
[SourceTitle "playchess.com"]
[Source "ChessBase"]
[SourceQuality "1"]
[TimeControl "600+5"]

1. d4 Nf6 2. c4 g6 3. Nc3 Bg7 4. e4 d6 5. f4 O-O 6. Nf3 c5 7. d5 e6 8. dxe6 fxe6 9. Bd3 Nc6 10. O-O a6 11. a3 Qc7 12. Ng5 Nd4 13. Qe1 Bd7 14. Be3 h6 15. Nf3 Ng4 16. Bxd4 cxd4 17. Ne2 Ne3 18. Rf2 e5 19. Nd2 Rac8 20. Nf1 Qb6 21. Rb1 Nxc4 22. Bxc4+ Rxc4 23. Nd2 Rcc8 24. Rf3 d3+ 25. Kh1 dxe2 26. Qxe2 exf4 27. Qf1 g5 28. Nc4 Qd4 29. b3 Bb5 30. Rd3 Bxc4 31. bxc4 Qxe4 32. Rxd6 Rfd8 33. Rxd8+ Rxd8 34. h3 Rd2 35. Re1 Qc6 36. Rc1 f3 37. gxf3 Be5 38. Re1 Rh2+ 39. Kg1 Qc5+ 40. Re3 Qxe3+ 41. Qf2 Qxf2# 0-1

[Event "2nd FIDE WCC Rapid G10"]
[Site "Minsk"]
[Date "2018.06.22"]
[Round "3"]
[White "Kobak, Polina"]
[Black "Darmaeva, Nomina"]
[Result "1/2-1/2"]
[ECO "A53"]
[WhiteElo "1336"]
[BlackElo "1388"]
[Annotator "NA RC"]
[PlyCount "99"]
[EventDate "2018.06.22"]
[EventType "rapid"]
[EventCountry "BLR"]
[SourceTitle "playchess.com"]
[Source "ChessBase"]
[SourceQuality "1"]
[TimeControl "600+5"]

1. d4 Nf6 2. c4 d6 3. Nc3 Nbd7 4. e4 e5 5. Nge2 Be7 6. d5 c5 7. Ng3 Nb6 8. Bd3 O-O 9. O-O Bd7 10. f4 exf4 11. Bxf4 Ng4 12. Nf5 Ne5 13. Bxe5 dxe5 14. Nxe7+ Qxe7 15. a4 a5 16. Nb5 Qg5 17. Qf3 h5 18. Kh1 Bg4 19. Qg3 h4 20. Qf2 Rac8 21. Nd6 Rc7 22. Nf5 Bxf5 23. Qxf5 Qxf5 24. Rxf5 f6 25. Rh5 g5 26. g3 hxg3 27. hxg3 Kg7 28. Kg2 Kg6 29. g4 Rff7 30. b3 Rh7 31. Rah1 Rxh5 32. gxh5+ Kh6 33. Kg3 Nd7 34. Kg4 Nf8 35. Be2 Rd7 36. Rf1 Rd6 37. Kg3 Rb6 38. Rf3 Nd7 39. Rd3 Rd6 40. Bg4 Nf8 41. Rd1 Nd7 42. Bf5 Nf8 43. Kg4 b6 44. Rh1 Nd7 45. Rf1 Nf8 46. Rf2 Kg7 47. Rh2 Kh6 48. Rf2 Kg7 49. Rh2 Kh6 50. Rf2 1/2-1/2

[Event "2nd FIDE WCC Rapid G10"]
[Site "Minsk"]
[Date "2018.06.22"]
[Round "3"]
[White "Vu, My Linh"]
[Black "Shvedova, Alexandra"]
[Result "0-1"]
[ECO "D31"]
[WhiteElo "1319"]
[BlackElo "1758"]
[Annotator "NA RC"]
[PlyCount "154"]
[EventDate "2018.06.22"]
[EventType "rapid"]
[EventCountry "BLR"]
[SourceTitle "playchess.com"]
[Source "ChessBase"]
[SourceQuality "1"]
[TimeControl "600+5"]

1. d4 d5 2. c4 e6 3. Nc3 Be7 4. cxd5 exd5 5. Bf4 Nf6 6. Nf3 O-O 7. e3 c5 8. Be2 Nc6 9. O-O Bf5 10. Ne5 cxd4 11. exd4 Qb6 12. Nxc6 bxc6 13. Qd2 Bb4 14. a3 Ne4 15. Qe3 Bxc3 16. bxc3 Rfe8 17. Qf3 Nxc3 18. Qxc3 Rxe2 19. Rfe1 Re4 20. Be3 Rc8 21. Rab1 Qc7 22. Rb3 Rh4 23. g3 Re4 24. Qb2 Re7 25. Rc1 Qd7 26. Bd2 Re2 27. Qc3 Be4 28. Kf1 Qg4 29. h3 Qf3 30. Qxf3 Bxf3 31. Bf4 Bh5 32. g4 Bxg4 33. hxg4 Re4 34. Be5 Rxg4 35. Rbc3 Rg6 36. Bg3 Re6 37. Kg2 g5 38. R1c2 h5 39. f4 h4 40. Bh2 g4 41. f5 Rf6 42. Be5 Rxf5 43. Rxc6 Rxc6 44. Rxc6 Kh7 45. Rc8 Rh5 46. Rh8+ Kg6 47. Rg8+ Kf5 48. Rg7 f6 49. Rf7 Rh6 50. Bd6 Ke6 51. Bf4 Kxf7 52. Bxh6 Kg6 53. Bf4 Kf5 54. Be3 Ke4 55. Bf2 h3+ 56. Kg3 f5 57. Bg1 a6 58. a4 a5 59. Kh4 Kf3 60. Kg5 f4 61. Kh4 Kg2 62. Kxg4 Kxg1 63. Kxh3 f3 64. Kg3 f2 65. Kg4 f1=Q 66. Kg5 Qf7 67. Kg4 Qf6 68. Kg3 Qf5 69. Kh4 Qf4+ 70. Kh5 Kg2 71. Kg6 Kg3 72. Kh7 Qf6 73. Kg8 Kg4 74. Kh7 Kg5 75. Kg8 Qe7 76. Kh8 Kg6 77. Kg8 Qe8# 0-1

[Event "2nd FIDE WCC Rapid G10"]
[Site "Minsk"]
[Date "2018.06.22"]
[Round "3"]
[White "Mai, Hieu Linh"]
[Black "Zavivaeva, Evelina"]
[Result "0-1"]
[ECO "C03"]
[WhiteElo "1313"]
[BlackElo "1390"]
[Annotator "NA RC"]
[PlyCount "178"]
[EventDate "2018.06.22"]
[EventType "rapid"]
[EventCountry "BLR"]
[SourceTitle "playchess.com"]
[Source "ChessBase"]
[SourceQuality "1"]
[TimeControl "600+5"]

1. e4 e6 2. d4 d5 3. Nd2 Be7 4. exd5 exd5 5. Ngf3 Nf6 6. Bd3 b6 7. c3 O-O 8. O-O Ba6 9. Bxa6 Nxa6 10. Ne5 Nb8 11. Re1 Bd6 12. Ndf3 c5 13. dxc5 bxc5 14. Bg5 Be7 15. Bxf6 Bxf6 16. Ng4 Be7 17. Re5 Nc6 18. Rxd5 Qb6 19. Qc2 Rfd8 20. Rh5 g6 21. Rh3 Bf8 22. Ng5 Bg7 23. Nxh7 Ne7 24. g3 Nf5 25. Ng5 Qc7 26. Ne4 Qc6 27. Re1 Re8 28. Re2 Rac8 29. Ng5 Rxe2 30. Qxe2 Re8 31. Qf1 a5 32. f3 c4 33. Ne4 Qb6+ 34. Qf2 Qxf2+ 35. Kxf2 Kf8 36. Nef6 Bxf6 37. Nxf6 Re6 38. Nd7+ Ke7 39. Nc5 Rc6 40. Ne4 Rb6 41. g4 Ng7 42. a4 Rxb2+ 43. Ke3 Ra2 44. Nc5 Ne6 45. Nxe6 Kxe6 46. Rh8 Rxa4 47. Kd4 f5 48. gxf5+ Kxf5 49. Rf8+ Ke6 50. Rc8 Ra2 51. h4 Rh2 52. Kxc4 Rxh4+ 53. Kb3 a4+ 54. Ka3 Rf4 55. Rc6+ Kf5 56. Rc5+ Kf6 57. Rc6+ Kf7 58. Rc7+ Kf6 59. Rc6+ Kg5 60. Rc5+ Kh4 61. Rc8 g5 62. Rh8+ Kg3 63. Rg8 Rf5 64. Kxa4 Kxf3 65. Kb4 g4 66. c4 g3 67. c5 g2 68. c6 Rf4+ 69. Kb5 Rg4 70. Rf8+ Kg3 71. c7 g1=Q 72. c8=Q Qb1+ 73. Ka5 Qb4+ 74. Ka6 Rg6+ 75. Ka7 Qb6+ 76. Ka8 Qa5+ 77. Kb8 Rb6+ 78. Kc7 Rg6+ 79. Kd7 Qd5+ 80. Ke7 Rg7+ 81. Kf6 Qg5+ 82. Ke6 Rg6+ 83. Kd7 Qd5+ 84. Ke7 Qe5+ 85. Kd7 Rd6+ 86. Kc7 Qc5+ 87. Kb7 Rb6+ 88. Ka7 Qa5+ 89. Qa6 Qxa6# 0-1

[Event "2nd FIDE WCC Rapid G10"]
[Site "Minsk"]
[Date "2018.06.22"]
[Round "4"]
[White "Shvedova, Alexandra"]
[Black "Satanovskaia, Evgeniia"]
[Result "1-0"]
[ECO "C54"]
[WhiteElo "1758"]
[BlackElo "1384"]
[Annotator "NA RC"]
[PlyCount "95"]
[EventDate "2018.06.22"]
[EventType "rapid"]
[EventCountry "BLR"]
[SourceTitle "playchess.com"]
[Source "ChessBase"]
[SourceQuality "1"]
[TimeControl "600+5"]

1. e4 e5 2. Nf3 Nc6 3. Bc4 Bc5 4. c3 Nf6 5. d4 exd4 6. e5 Ng8 7. cxd4 Bb4+ 8. Bd2 Bxd2+ 9. Qxd2 Nge7 10. Ng5 O-O 11. Qf4 Ng6 12. Bxf7+ Kh8 13. Qd2 Nxd4 14. Bxg6 hxg6 15. O-O Nc2 16. Qxc2 Qxg5 17. Qxc7 b6 18. Qd6 Bb7 19. f3 Bc6 20. Nd2 Rfe8 21. Rfe1 Re6 22. Qd4 Rae8 23. Qf2 Rxe5 24. Rxe5 Qxe5 25. Nc4 Qd5 26. Ne3 Qd4 27. Ng4 Qd5 28. a3 Kg8 29. Qc2 Qd6 30. Rd1 Qe6 31. Qd3 Qf5 32. Ne3 Qe6 33. Qc4 Qxc4 34. Nxc4 Re2 35. Rd2 Re1+ 36. Kf2 Rc1 37. Ne5 Kh7 38. Kg3 Rc5 39. Nxd7 Rd5 40. Rxd5 Bxd5 41. Ne5 Bb3 42. Kf4 Bc2 43. Nc6 a6 44. Nb4 Ba4 45. Nxa6 Bc2 46. Nb4 Bd1 47. Nd5 Be2 48. Nxb6 1-0

[Event "2nd FIDE WCC Rapid G10"]
[Site "Minsk"]
[Date "2018.06.22"]
[Round "4"]
[White "Shukhman, Anna"]
[Black "Zhapova, Yana"]
[Result "1-0"]
[ECO "B10"]
[WhiteElo "1577"]
[BlackElo "1597"]
[Annotator "NA RC"]
[PlyCount "155"]
[EventDate "2018.06.22"]
[EventType "rapid"]
[EventCountry "BLR"]
[SourceTitle "playchess.com"]
[Source "ChessBase"]
[SourceQuality "1"]
[TimeControl "600+5"]

1. e4 c6 2. Nc3 d5 3. Nf3 dxe4 4. Nxe4 Nf6 5. Qe2 e6 6. g3 Nbd7 7. Bg2 Nxe4 8. Qxe4 Nf6 9. Qe2 Be7 10. O-O O-O 11. d4 Bd7 12. Ne5 Qc8 13. c4 Rd8 14. Bf4 c5 15. d5 exd5 16. cxd5 Bf8 17. Rfe1 a6 18. Rad1 Bb5 19. Qf3 Qf5 20. Bf1 Bxf1 21. Rxf1 g5 22. Bd2 Qxe5 23. Bc3 Qd6 24. Qxf6 Qxf6 25. Bxf6 Re8 26. Bxg5 Re2 27. d6 h6 28. Bh4 f6 29. Bxf6 Re6 30. Bc3 Bxd6 31. Rfe1 Rae8 32. Kg2 b5 33. Rxd6 Rxe1 34. Bxe1 Rxe1 35. Rxa6 Re2 36. b3 Kg7 37. Ra5 c4 38. Rxb5 c3 39. Rc5 c2 40. Kf3 Rd2 41. Ke3 c1=Q 42. Rxc1 Rxa2 43. Rb1 Ra3 44. Ke2 Ra2+ 45. Kf1 Kf6 46. Kg2 Ke5 47. b4 Kd5 48. Rd1+ Ke6 49. Rc1 Rb2 50. Rc6+ Kf5 51. Rxh6 Rxb4 52. Ra6 Rb2 53. Ra5+ Kg6 54. h4 Rc2 55. Ra4 Rd2 56. Rf4 Ra2 57. g4 Rb2 58. Kg3 Rb3+ 59. f3 Rb1 60. h5+ Kg7 61. Rf5 Rh1 62. Rg5+ Kh6 63. Rg6+ Kh7 64. Kf4 Ra1 65. Re6 Rh1 66. Kg5 Ra1 67. Re7+ Kg8 68. f4 Ra5+ 69. f5 Ra4 70. h6 Ra6 71. f6 Ra1 72. Kg6 Kf8 73. h7 Rh1 74. Rg7 Rxh7 75. Rxh7 Ke8 76. f7+ Ke7 77. Rh8 Ke6 78. f8=Q 1-0

[Event "2nd FIDE WCC Rapid G10"]
[Site "Minsk"]
[Date "2018.06.22"]
[Round "4"]
[White "Marchenko, Yelyzaveta"]
[Black "Szczotka, Klara"]
[Result "0-1"]
[ECO "A80"]
[WhiteElo "1510"]
[BlackElo "1465"]
[Annotator "NA RC"]
[PlyCount "140"]
[EventDate "2018.06.22"]
[EventType "rapid"]
[EventCountry "BLR"]
[SourceTitle "playchess.com"]
[Source "ChessBase"]
[SourceQuality "1"]
[TimeControl "600+5"]

1. d4 f5 2. Bf4 Nf6 3. Nf3 g6 4. e3 Bg7 5. c4 O-O 6. Nc3 d6 7. Be2 Qe8 8. O-O c6 9. Qd2 Nbd7 10. h3 e5 11. Bh2 h6 12. dxe5 dxe5 13. Qd6 Nh7 14. c5 Rf6 15. Bc4+ Kh8 16. Qd2 e4 17. Nd4 Nxc5 18. b4 Ne6 19. Nxe6 Bxe6 20. Bxe6 Qxe6 21. Rad1 Rff8 22. Ne2 Rfd8 23. Qxd8+ Rxd8 24. Rxd8+ Bf8 25. a3 Kg7 26. Rfd1 Nf6 27. Nf4 Qf7 28. Bg3 g5 29. Ne2 Be7 30. R8d2 Nd5 31. Be5+ Bf6 32. Bxf6+ Qxf6 33. Nd4 f4 34. exf4 gxf4 35. b5 Nc3 36. Rc1 Nxb5 37. Nxb5 cxb5 38. Rd7+ Kg6 39. Rxb7 Qa6 40. Rc3 Qd6 41. Rbc7 Qd1+ 42. Kh2 Qe2 43. R3c6+ Kf5 44. Rc2 Qd3 45. R7c6 Ke5 46. R2c3 Qd7 47. Rc1 e3 48. fxe3 fxe3 49. R6c2 Ke4 50. g3 Qd3 51. Rg2 Qxa3 52. g4 Qxc1 53. h4 Qd2 54. g5 Qxg2+ 55. Kxg2 hxg5 56. h5 Kf5 57. h6 Kg6 58. Kf1 Kxh6 59. Ke2 g4 60. Kxe3 Kg5 61. Kf2 Kf4 62. Kg2 b4 63. Kf2 b3 64. Kg2 b2 65. Kf2 b1=Q 66. Kg2 Qc2+ 67. Kf1 Qd1+ 68. Kg2 Qe2+ 69. Kg1 Kg3 70. Kh1 Qf1# 0-1

[Event "2nd FIDE WCC Rapid G10"]
[Site "Minsk"]
[Date "2018.06.22"]
[Round "4"]
[White "Kirdyashkina, Ekaterina"]
[Black "Trifonova, Daria"]
[Result "1-0"]
[ECO "B07"]
[WhiteElo "1463"]
[BlackElo "1129"]
[Annotator "NA RC"]
[PlyCount "65"]
[EventDate "2018.06.22"]
[EventType "rapid"]
[EventCountry "BLR"]
[SourceTitle "playchess.com"]
[Source "ChessBase"]
[SourceQuality "1"]
[TimeControl "600+5"]

1. e4 d6 2. d4 Nf6 3. Nc3 g6 4. Be3 Bg7 5. Nf3 O-O 6. h3 Nbd7 7. Bc4 c6 8. O-O b5 9. Bd3 Qc7 10. a3 e5 11. d5 a6 12. dxc6 Qxc6 13. Qe2 d5 14. exd5 Nxd5 15. Nxd5 Qxd5 16. Nd2 Qe6 17. Be4 Rb8 18. Ba7 Bb7 19. Bxb8 Bxe4 20. Nxe4 Rxb8 21. Qd3 f5 22. Ng5 Qe7 23. Qd5+ Kh8 24. Nf7+ Kg8 25. Nxe5+ Kf8 26. Nxd7+ Ke8 27. Nxb8 Qc7 28. Rfe1+ Kf8 29. Nd7+ Qxd7 30. Qxd7 Kg8 31. Qe6+ Kh8 32. Qe8+ Bf8 33. Qxf8# 1-0

[Event "2nd FIDE WCC Rapid G10"]
[Site "Minsk"]
[Date "2018.06.22"]
[Round "4"]
[White "Zavivaeva, Evelina"]
[Black "Kleymenova, Valeria"]
[Result "0-1"]
[ECO "D11"]
[WhiteElo "1390"]
[BlackElo "1669"]
[Annotator "NA RC"]
[PlyCount "59"]
[EventDate "2018.06.22"]
[EventType "rapid"]
[EventCountry "BLR"]
[SourceTitle "playchess.com"]
[Source "ChessBase"]
[SourceQuality "1"]
[TimeControl "600+5"]

1. d4 d5 2. c4 c6 3. Nf3 e6 4. Nc3 f5 5. Bg5 Nf6 6. e3 Bd6 7. Be2 O-O 8. Qc2 Nbd7 9. O-O-O a6 10. c5 Bc7 11. h4 e5 12. h5 Rb8 13. Nh4 Qe8 14. Nxf5 e4 15. Nh4 b6 16. cxb6 Rxb6 17. g3 Qf7 18. Ng2 a5 19. Nf4 Ba6 20. Na4 Bxe2 21. Nxe2 Ra6 22. Nc5 Nxc5 23. Qxc5 Rb8 24. Rd2 Rb5 25. Qc2 Bd6 26. a3 c5 27. Nc3 Rbb6 28. dxc5 Bxc5 29. Bxf6 gxf6 30. Nxd5 0-1

[Event "2nd FIDE WCC Rapid G10"]
[Site "Minsk"]
[Date "2018.06.22"]
[Round "4"]
[White "Darmaeva, Nomina"]
[Black "Nandin-Erdene, Davaademberel"]
[Result "1-0"]
[ECO "B30"]
[WhiteElo "1388"]
[BlackElo "1491"]
[Annotator "NA RC"]
[PlyCount "103"]
[EventDate "2018.06.22"]
[EventType "rapid"]
[EventCountry "BLR"]
[SourceTitle "playchess.com"]
[Source "ChessBase"]
[SourceQuality "1"]
[TimeControl "600+5"]

1. e4 c5 2. Nf3 Nc6 3. c3 e6 4. d4 cxd4 5. cxd4 Nf6 6. Nc3 d6 7. Bd3 Be7 8. O-O O-O 9. Qe2 h6 10. e5 Nd7 11. Qe4 f5 12. Qe2 dxe5 13. dxe5 Ndxe5 14. Nxe5 Nxe5 15. Bc2 Nc6 16. Rd1 Qc7 17. g3 Rd8 18. Bf4 e5 19. Be3 f4 20. gxf4 exf4 21. Qc4+ Kh8 22. Bxf4 Qb6 23. Nd5 Qc5 24. Qxc5 Bxc5 25. Nc7 Rxd1+ 26. Rxd1 Rb8 27. Ne6 Bxe6 28. Bxb8 Nxb8 29. Rd8+ Bg8 30. Rxb8 Bd6 31. Rc8 g5 32. Bb3 Kg7 33. Rxg8+ Kf6 34. Re8 Kf5 35. Re6 Be5 36. Re7 Bxb2 37. Rxb7 Be5 38. Rxa7 Ke4 39. Rh7 Kf3 40. Rxh6 Bd4 41. Kf1 Bxf2 42. Rf6+ Kg4 43. Rxf2 Kh4 44. a4 Kh3 45. a5 g4 46. a6 g3 47. hxg3 Kxg3 48. a7 Kg4 49. Be6+ Kg5 50. a8=Q Kh6 51. Qg8 Kh5 52. Rh2# 1-0

[Event "2nd FIDE WCC Rapid G10"]
[Site "Minsk"]
[Date "2018.06.22"]
[Round "4"]
[White "Khamdamova, Afruza"]
[Black "Kobak, Polina"]
[Result "1-0"]
[ECO "C11"]
[WhiteElo "1383"]
[BlackElo "1336"]
[Annotator "NA"]
[PlyCount "71"]
[EventDate "2018.06.22"]
[EventType "rapid"]
[EventCountry "BLR"]
[SourceTitle "playchess.com"]
[Source "ChessBase"]
[SourceQuality "1"]
[TimeControl "600+5"]

1. e4 e6 2. d4 d5 3. Nc3 Nf6 4. exd5 exd5 5. Bd3 c5 6. dxc5 Bxc5 7. Nf3 O-O 8. O-O Nc6 9. Bg5 Be7 10. h3 h6 11. Bh4 Be6 12. Ne2 Ne4 13. Bxe7 Qxe7 14. Nf4 Rad8 15. Qe2 Bf5 16. Rfe1 Rfe8 17. Nd2 Nxd2 18. Qxd2 Qd7 19. Rxe8+ Rxe8 20. Bxf5 Qxf5 21. Nxd5 Qe5 22. c4 Rd8 23. Re1 Qd6 24. Qc3 Qd7 25. b4 Re8 26. Rd1 Qf5 27. b5 Re2 28. Qg3 Qc2 29. Rf1 Nd4 30. Ne3 Qxa2 31. Qb8+ Kh7 32. Qxb7 Nb3 33. Qxf7 Nd2 34. Rd1 Nb3 35. Qf5+ Kh8 36. Rd8# 1-0

[Event "2nd FIDE WCC Rapid G10"]
[Site "Minsk"]
[Date "2018.06.22"]
[Round "4"]
[White "Ho, Ngoc Vy"]
[Black "Bykovskikh, Ekaterina"]
[Result "1-0"]
[ECO "D45"]
[WhiteElo "1275"]
[BlackElo "1360"]
[Annotator "NA RC"]
[PlyCount "109"]
[EventDate "2018.06.22"]
[EventType "rapid"]
[EventCountry "BLR"]
[SourceTitle "playchess.com"]
[Source "ChessBase"]
[SourceQuality "1"]
[TimeControl "600+5"]

1. d4 d5 2. c4 e6 3. Nf3 Nf6 4. Nc3 Nbd7 5. e3 c6 6. Qc2 b6 7. Bd3 Bd6 8. O-O O-O 9. e4 dxe4 10. Nxe4 Bc7 11. Nxf6+ Nxf6 12. c5 Bb7 13. Bg5 h6 14. Bh4 Qd7 15. Rad1 Nd5 16. a3 Rfe8 17. Rfe1 Rac8 18. Ne5 Bxe5 19. Rxe5 Ne7 20. Qe2 Nf5 21. Qg4 Nxh4 22. Qxh4 Qe7 23. Qg4 Rcd8 24. Rh5 Qf6 25. b4 Rd7 26. Re5 Red8 27. Bc2 Ba6 28. Qe4 Bb7 29. h3 bxc5 30. bxc5 Kf8 31. Ba4 Rc7 32. Rd3 Kg8 33. Rf3 Qg6 34. Qxg6 fxg6 35. Rxe6 Rxd4 36. Bb3 Rd8 37. Rxc6+ Kh7 38. Rxc7 Bxf3 39. gxf3 Rb8 40. Bc2 a5 41. Ra7 Rb5 42. Rc7 Rb2 43. Be4 Ra2 44. Rc6 h5 45. Rxg6 Kg8 46. Bd5+ Kf8 47. Bxa2 Ke7 48. c6 Kd8 49. Rxg7 Kc8 50. c7 Kb7 51. Be6 Kb6 52. c8=Q Kb5 53. Rb7+ Ka4 54. Qc4+ Kxa3 55. Qb3# 1-0